 Dungeon Crawl Stone Soup version 0.31-a0-986-g5e6e4ef867 (webtiles) character file.

Game seed: 11916541116054122397

130 timneilson the Ruffian (level 5, -1/34 HPs)
             Began as an Octopode Shapeshifter on Nov 3, 2023.
             Killed by nerve-wracking pain
             ... invoked by an orc priest
              (13 damage)
             ... on level 3 of the Dungeon.
             The game lasted 00:03:22 (2260 turns).

timneilson the Ruffian (Octopode Shapeshifter)      Turns: 2260, Time: 00:03:22

Health: -1/34      AC:  1    Str: 15    XL:     5   Next: 14%
Magic:  6/6        EV: 13    Int: 13    God:
Gold:   146        SH:  0    Dex: 11    Spells: 5/5 levels left

rFire   . .          .
                       - Unarmed
rCold   . . .        (no shield)
rNeg    . . .        (helmet currently unavailable)
rPois   .            (no amulet)
rElec   .            (no ring)
rCorr   .            (no ring)
SInv    .            (no ring)
Will    .....        (no ring)
Stlth   +++          (no ring)
HPRegen 0.25/turn    (no ring)
MPRegen 0.10/turn    (no ring)
                     (no ring)

%: no passive effects
@: beast-form
A: beast (slay +2), almost no armour, amphibious, 8 rings, camouflage 1,
gelatinous body 1, (nimble swimmer 1), tentacles
a: Begin Untransformation


You were on level 3 of the Dungeon.
You were a hulking beast.
You visited 1 branch of the dungeon, and saw 3 of its levels.

You collected 146 gold pieces.

Inventory:

Jewellery
 o - a ring of ice
Talismans
 b - a beast talisman
 c - a flux talisman
Scrolls
 e - a scroll of teleportation
 g - a scroll of identify
Potions
 a - a potion of lignification
 d - 3 potions of enlightenment
 h - a potion of attraction {unknown}
 i - a potion of magic {unknown}
 l - a potion of heal wounds {unknown}
 m - a potion of haste {unknown}
 n - a potion of might {unknown}


   Skills:
 * Level 2.2 Fighting
 * Level 2.9 Dodging
 + Level 1.9 Stealth
 * Level 3.6 Unarmed Combat
 + Level 0.9 Spellcasting
 * Level 3.5 Shapeshifting


You had 5 spell levels left.
You didn't know any spells.
Your spell library contained the following spells:

 Spells                   Type           Power      Damage    Failure   Level
 Ensorcelled Hibernation  Hex/Ice        0%         N/A       41%         2
 Jinxbite                 Hex            0%         N/A       41%         2
 Anguish                  Hex/Necr       0%         N/A       96%         4


Dungeon Overview and Level Annotations

Branches:
Dungeon (3/15)

Altars:
Sif Muna
Trog


Innate Abilities, Weirdness & Mutations

You are a hulking beast.
Your limbs bulge with bestial killing power. (Slay +2)
You cannot wear most types of armour.
You are amphibious.
You can wear up to eight rings at the same time.
Your skin changes colour to match your surroundings (Stealth+).
Your rubbery body absorbs attacks. (AC +1, EV +1)
((You are camouflaged when in or above water. (Stealth+)))
You have tentacles for arms and can constrict up to eight enemies at once.


Message History

You barely miss the orc. Your grab misses the orc.
The orc hits you with a +0 hand axe.
You tentacle-slap the orc but do no damage.
You grab the orc.
You constrict the orc, but do no damage.
The orc hits you with a +0 hand axe.
You tentacle-slap the orc. You squeeze the orc, but do no damage.
The orc is heavily wounded.
You constrict the orc, but do no damage.
The orc misses you.
You tentacle-slap the orc but do no damage.
The orc is heavily wounded.
You constrict the orc, but do no damage.
The orc priest invokes the aid of Beogh against you.
Beogh smites you!
* * * LOW HITPOINT WARNING * * *
The orc hits you with a +0 hand axe.
* * * LOW HITPOINT WARNING * * *
You feel better.
You constrict the orc, but do no damage.
The orc closely misses you.
You tentacle-slap the orc but do no damage.
You squeeze the orc.
The orc is almost dead.
You constrict the orc.
You kill the orc!
You tentacle-slap the orc priest. Your grab misses the orc priest.
The orc priest is moderately wounded.
The orc priest miscasts a cantrip.
You barely miss the orc priest. You grab the orc priest.
You squeeze the orc priest.
The orc priest is heavily wounded.
You constrict the orc priest, but do no damage.
The orc priest hits you with a +0 short sword.
You tentacle-slap the orc priest.
The orc priest is almost dead.
You constrict the orc priest.
The orc priest calls down the wrath of Beogh upon you.
Pain shoots through your body!
You die...

#........
########........
#...............
####......o........
#.........o........
#.....†..o.........
#....######........
####....##############
.......ooh.......>#
#......o##.######.#
#.......##.###....#
#.......##..##.##.#
#...#######+##'##+###
#... #.....#.....#
#...#####.....#.....#
###
#.......'##'##'##+##+
..##
##.....#..#.....#..#
#.##


You could see an orc priest and 2 orcs.

Vanquished Creatures
  Jessica (D:2)
  An iguana (D:2)
  An adder (D:2)
  5 worms (D:2)
  2 dart slugs (D:1)
  An orc (D:3)
  6 ball pythons
  6 endoplasms
  A giant cockroach (D:2)
  2 goblins (D:2)
  2 hobgoblins
  2 jackals (D:1)
  A quokka (D:1)
  4 bats
  7 frilled lizards
  4 kobolds
  7 rats
53 creatures vanquished.

Notes
Turn   | Place    | Note
-------+----------+-------------------------------------------
     0 | D:1      | timneilson the Octopode Shapeshifter began the quest for
                  | the Orb.
     0 | D:1      | Reached XP level 1. HP: 13/13 MP: 1/1
   307 | D:1      | Reached XP level 2. HP: 18/18 MP: 2/2
   795 | D:2      | Noticed Jessica
   805 | D:2      | Killed Jessica
   806 | D:2      | Reached skill level 1 in Stealth
   806 | D:2      | Reached XP level 3. HP: 16/24 MP: 3/3
   864 | D:2      | Found a shimmering blue altar of Sif Muna.
  1142 | D:2      | Reached XP level 4. HP: 29/29 MP: 3/5
  1597 | D:2      | Reached XP level 5. HP: 34/34 MP: 6/6
  2175 | D:3      | Found a bloodstained altar of Trog.
  2260 | D:3      | Killed from afar by an orc priest

Illustrated notes

Levels and vault maps discovered:
D:1:      nagdon_arrival_zigzag_paths, layout_basic
D:2:      minmay_thinvault, layout_basic, basic_altar, uniq_jessica
D:3:      layout_basic, mainiacjoe_overflow_24_doors,
          hellmonk_ecumenical_altar_heavens_door, amethyst_killhole,
          chequers_serial_rivers_micro_a

Skill      XL: |  1  2  3 |
---------------+----------+-----
Stealth        | 1 |  1.9
Fighting       | 2 |  2.2
Dodging        | |  2.9
Unarmed Combat | |  3.6
Spellcasting   | |  0.9
Shapeshifting  | |  3.5

Action                     |  1- 3 |  4- 6 || total
---------------------------+-------+-------++-------
  Melee: Unarmed           |    51 |    55 ||   106
         Constrict         |    10 |    16 ||    26
         Tentacles         |     7 |    15 ||    22
    Use: Scroll            |     3 |     6 ||     9
         Potion            |       |     1 ||     1
   Stab: Sleeping          |     6 |    11 ||    17
 Armour: Skin              |    20 |    20 ||    40
  Dodge: Dodged            |    25 |    22 ||    47

Table legend: (Time is in decaauts)
 A = Elapsed time spent in this place.
 B = Non-inter-level travel time spent in this place.
 C = Inter-level travel time spent in this place.
 D = Time resting spent in this place.
 E = Time spent auto-exploring this place.
 F = Levels seen in this place.
 G = Mean time per level.
                   A        B        C        D        E       F      G
               +--------+--------+--------+--------+--------+-----+--------+
         Total |   2256 |   2212 |     44 |    127 |   1650 |   3 |  752.0 |
       Dungeon |   2256 |   2212 |     44 |    127 |   1650 |   3 |  752.0 |
               +--------+--------+--------+--------+--------+-----+--------+

Top non-repeatable levels by time:
     D:2: 1327 daAuts
     D:1: 793 daAuts
     D:3: 135 daAuts
